Map: Beckett Industries LE

Players

Lambo

  • Race: Zerg Zerg
  • League: Grandmaster

ShoWTimE - Winner!

  • Race: Protoss Protoss
  • League: Grandmaster

Event: DreamHack SC2 Masters 2021 Summer

VOD

Have the link to the VOD?

Description

Time

  • Played on: June 4, 2021, 11:38 a.m.
  • Length: 13:04

All games in this series

Show
View Real Time Build Order
Export as new Build Order

Lambo Zerg 

Build Orders: Hatch First, Lurkers, Swarm Host 

Get SALT Encoding   

  12  0:00  Drone  
  13  0:12  Overlord  
  13  0:17  Drone  
  14  0:31  Drone x2  
  16  0:48  Hatchery  
  15  0:51  Drone  
  15  0:55  Drone  
  17  0:58  Drone  
  18  1:09  Extractor  
  17  1:14  Spawning Pool  
  17  1:17  Drone  
  17  1:22  Drone  
  18  1:29  Drone  
  19  1:39  Drone  
  20  1:49  Drone  
  21  2:01  Queen x2  
  21  2:02  Zergling x2, Overlord  
  26  2:12  Drone x2  
  26  2:14  Metabolic Boost  
  28  2:21  Drone  
  28  2:22  Drone  
  30  2:35  Hatchery  
  29  2:41  Queen  
  31  2:44  Drone  
  31  2:49  Overlord  
  32  2:52  Zergling x2  
  32  2:53  Drone  
  32  2:57  Zergling x2  
  35  2:59  Drone  
  36  3:07  Queen  
  36  3:08  Zergling x2  
  39  3:16  Drone  
  39  3:21  Drone x4  
  43  3:28  Overlord  
  43  3:31  Overlord  
  43  3:36  Drone, Spore Crawler  
  43  3:46  Queen  
  43  3:47  Drone x4  
  49  3:48  Drone  
  49  3:51  Drone  
  51  3:56  Queen  
  51  3:59  Drone  
  54  4:03  Drone x2  
  54  4:06  Drone x2  
  54  4:08  Overlord  
  58  4:10  Drone  
  58  4:15  Drone  
  60  4:17  Drone x3  
  60  4:19  Spore Crawler  
  60  4:21  Drone  
  63  4:28  Drone x2  
  63  4:29  Roach Warren  
  64  4:33  Drone x2  
  64  4:34  Drone  
  64  4:35  Drone x2  
  64  4:37  Overlord  
  69  4:41  Extractor  
  69  4:42  Extractor  
  69  4:43  Zergling x8  
  71  4:46  Zergling x4  
  73  4:54  Zergling x2  
  73  4:59  Drone x6  
  79  5:00  Drone  
  76  5:07  Drone x4  
  76  5:11  Drone  
  76  5:12  Drone x3  
  80  5:15  Lair  
  80  5:16  Drone x2  
  80  5:23  Drone  
  80  5:24  Evolution Chamber  
  80  5:26  Drone x2  
  80  5:30  Extractor  
  80  5:32  Extractor  
  80  5:34  Drone  
  80  5:35  Extractor  
  78  5:36  Drone  
  78  5:38  Drone  
  80  5:46  Drone x2  
  80  5:47  Spore Crawler  
  81  5:50  Zerg Missile Weapons Level 1  
  81  5:51  Drone  
  81  5:54  Overlord  
  81  5:56  Overlord  
  82  5:57  Overlord  
  82  5:58  Overlord  
  82  6:02  Overlord  
  82  6:06  Queen  
  82  6:11  Drone  
  82  6:14  Drone x8  
  82  6:17  Drone  
  82  6:18  Infestation Pit  
  90  6:25  Roach x3  
  96  6:29  Overlord  
  96  6:31  Overlord  
  96  6:32  Roach x5  
  101  6:52  Hatchery  
  100  6:59  Overlord  
  100  7:00  Swarm Host  
  100  7:01  Swarm Host x10  
  103  7:05  Overlord  
  133  7:10  Swarm Host x2  
  138  7:16  Overlord  
  138  7:17  Overlord x2  
  138  7:19  Overlord, Glial Reconstitution  
  138  7:22  Overlord  
  138  7:23  Overlord  
  138  7:27  Swarm Host x2  
  138  7:29  Swarm Host  
  144  7:31  Ravager x2  
  144  7:32  Zergling x6  
  152  7:38  Roach x2  
  156  7:45  Ravager  
  156  7:46  Zergling x16  
  165  7:54  Ravager  
  165  7:55  Zergling x6  
  166  8:00  Zergling x6  
  166  8:01  Zerg Missile Weapons Level 2  
  169  8:08  Zergling x6  
  169  8:09  Zergling x8  
  169  8:10  Ravager  
  177  8:15  Queen  
  177  8:16  Hive  
  177  8:17  Hydralisk Den  
  177  8:19  Drone x6  
  184  8:29  Roach x6  
  196  8:34  Roach  
  198  8:45  Extractor  
  198  8:48  Spore Crawler  
  196  8:49  Extractor, Overlord  
  196  8:50  Lurker Den  
  196  8:51  Overlord  
  196  8:55  Overlord  
  185  9:13  Hydralisk x4  
  185  9:14  Hydralisk x3  
  199  9:19  Overlord  
  199  9:21  Muscular Augments  
  183  9:47  Roach x8  
  183  9:51  Seismic Spines  
  193  10:08  Overseer  
  193  10:11  Pneumatized Carapace  
  173  10:23  Spine Crawler  
  173  10:26  Spine Crawler, Hydralisk x4  
  173  10:27  Lurker x4  
  173  10:28  Lurker x2  
  185  10:30  Zergling x30  
  185  10:33  Grooved Spines  
  200  10:41  Overlord  
  185  10:44  Hydralisk x4  
  185  10:45  Zergling x2  
  185  10:46  Zergling x22  
  185  10:48  Adaptive Talons  
  175  10:58  Drone x6  
  175  11:01  Lurker x3  
  175  11:02  Lurker  
  185  11:06  Hydralisk x2  
  189  11:16  Roach x3  
  195  11:25  Lurker x4  
  195  11:32  Roach x7  
  194  11:37  Roach  
  171  11:45  Roach x5  
  170  11:50  Lurker x2  
  151  11:54  Roach x2  
  151  12:00  Hydralisk x2  
  152  12:03  Hydralisk  
  152  12:06  Hydralisk  
  147  12:11  Hydralisk  
  140  12:18  Overseer  
  140  12:22  Zergling x12  
  137  12:30  Hydralisk  
  137  12:32  Hydralisk  
  137  12:34  Hydralisk  
  137  12:40  Lurker x2  
Show
View Real Time Build Order
Export as new Build Order

ShoWTimE Protoss - Winner!

Build Orders: 1 Gate Expand, Oracle Opening 

Get SALT Encoding   

  12  0:00  Probe  
  13  0:12  Probe  
  14  0:18  Pylon  
  14  0:24  Probe (Chrono Boost)  
  15  0:36  Probe (Chrono Boost)  
  15  0:38  Gateway  
  16  0:45  Probe (Chrono Boost)  
  16  0:47  Assimilator  
  17  0:51  Probe  
  18  1:03  Probe  
  19  1:15  Probe  
  20  1:24  Nexus  
  20  1:35  Cybernetics Core  
  20  1:38  Probe  
  21  1:43  Assimilator  
  21  1:50  Probe  
  21  1:51  Pylon  
  22  2:02  Probe  
  23  2:08  Adept (Chrono Boost)  
  23  2:14  Probe  
  26  2:22  Stargate  
  26  2:27  Probe (Chrono Boost)  
  26  2:28  Adept (Chrono Boost)  
  27  2:34  Warp Gate  
  27  2:36  Probe (Chrono Boost)  
  31  2:44  Probe (Chrono Boost)  
  31  2:45  Probe (Chrono Boost)  
  31  2:50  Probe (Chrono Boost)  
  31  2:51  Probe (Chrono Boost), Adept  
  36  3:00  Pylon  
  36  3:02  Probe  
  36  3:03  Probe  
  38  3:05  Oracle (Chrono Boost)  
  41  3:14  Probe  
  41  3:15  Probe  
  43  3:21  Adept  
  43  3:27  Probe x2, Gateway  
  47  3:36  Oracle (Chrono Boost)  
  47  3:39  Probe x2  
  52  3:41  Pylon  
  52  3:51  Probe x2  
  54  4:00  Nexus  
  54  4:03  Probe  
  54  4:04  Probe  
  54  4:06  Pylon  
  54  4:09  Oracle (Chrono Boost)  
  56  4:16  Assimilator  
  59  4:18  Probe, Assimilator  
  59  4:20  Probe  
  61  4:25  Adept  
  61  4:26  Adept  
  61  4:31  Probe, Pylon  
  66  4:33  Probe  
  66  4:37  Robotics Facility  
  67  4:43  Probe  
  67  4:45  Probe  
  69  4:49  Forge  
  69  4:55  Probe  
  69  4:57  Probe  
  71  5:05  Sentry  
  71  5:06  Sentry  
  75  5:07  Probe  
  75  5:09  Probe  
  75  5:10  Gateway  
  73  5:19  Probe  
  73  5:20  Gateway, Shield Battery  
  74  5:21  Probe  
  74  5:23  Probe, Shield Battery  
  74  5:26  Immortal (Chrono Boost)  
  76  5:33  Probe (Chrono Boost)  
  76  5:34  Probe (Chrono Boost)  
  76  5:35  Probe (Chrono Boost), Robotics Bay  
  83  5:38  Sentry  
  85  5:46  Probe (Chrono Boost)  
  85  5:47  Probe (Chrono Boost)  
  85  5:48  Protoss Ground Weapons Level 1, Pylon  
  85  5:49  Probe (Chrono Boost)  
  88  5:51  Probe (Chrono Boost)  
  88  5:52  Probe (Chrono Boost)  
  88  5:55  Probe, Twilight Council  
  91  5:59  Assimilator  
  91  6:00  Probe, Observer  
  91  6:02  Assimilator  
  93  6:06  Probe  
  93  6:08  Probe  
  95  6:13  Probe  
  95  6:16  Gateway  
  95  6:17  Gateway  
  96  6:20  Disruptor (Chrono Boost)  
  96  6:21  Gateway  
  96  6:24  Pylon  
  99  6:26  Sentry  
  99  6:29  Pylon  
  99  6:31  Pylon  
  101  6:38  Charge (Chrono Boost)  
  101  6:42  Phoenix  
  101  6:45  Gateway, Dark Shrine  
  103  6:47  Photon Cannon, Gateway  
  103  6:48  Disruptor (Chrono Boost)  
  106  6:54  Pylon  
  106  6:59  Nexus  
  106  7:05  Probe  
  106  7:06  Probe x2  
  111  7:08  Pylon  
  109  7:17  Photon Cannon  
  109  7:18  Disruptor (Chrono Boost)  
  109  7:20  Photon Cannon  
  112  7:25  Pylon  
  112  7:26  Stalker x3  
  118  7:30  Photon Cannon  
  118  7:34  Shield Battery  
  118  7:35  Stalker  
  118  7:36  Pylon  
  120  7:41  Photon Cannon  
  120  7:42  Probe x3  
  123  7:47  Disruptor (Chrono Boost)  
  126  7:54  Probe x2  
  128  8:00  Photon Cannon  
  128  8:04  Dark Templar  
  128  8:05  Dark Templar x3  
  136  8:08  Archon  
  136  8:11  Photon Cannon  
  136  8:12  Blink (Chrono Boost)  
  136  8:13  Archon  
  136  8:15  Stalker x2  
  140  8:31  Zealot x3  
  140  8:32  Probe  
  140  8:33  Probe x2  
  145  8:35  Warp Prism (Chrono Boost)  
  145  8:38  Photon Cannon  
  147  8:45  Zealot x5  
  157  8:49  Protoss Ground Weapons Level 2 (Chrono Boost)  
  157  8:53  Assimilator  
  157  8:56  Assimilator  
  157  9:04  Probe x2  
  157  9:05  Probe, Photon Cannon  
  160  9:15  Dark Templar x6  
  172  9:19  Archon x2, Pylon  
  172  9:20  Archon  
  172  9:22  Pylon  
  172  9:38  Disruptor (Chrono Boost)  
  164  9:39  Zealot x3  
  163  9:47  Probe  
  163  9:48  Gateway  
  163  9:50  Zealot, Dark Templar x3  
  163  9:51  Gateway, Zealot x2  
  176  10:03  Zealot x3  
  176  10:04  Disruptor (Chrono Boost)  
  185  10:09  Shield Battery  
  185  10:12  Photon Cannon  
  185  10:13  Photon Cannon  
  185  10:15  Stalker x3  
  167  10:30  Stalker x6  
  167  10:32  Disruptor  
  170  10:51  Zealot x3  
  176  10:57  Templar Archives  
  176  10:59  Pylon  
  176  11:00  Photon Cannon, Zealot x6  
  176  11:02  Photon Cannon, Pylon  
  188  11:05  Pylon  
  188  11:18  Fleet Beacon  
  188  11:19  Stargate  
  188  11:20  Stargate  
  188  11:26  Zealot x2, Dark Templar x4  
  188  11:28  Zealot  
  197  11:34  Zealot x2  
  183  11:40  Disruptor (Chrono Boost)  
  166  11:52  Zealot x3  
  164  11:57  Stalker x2  
  151  12:12  Disruptor (Chrono Boost)  
  148  12:28  Nexus  
  138  12:49  Zealot x9  
Tags
 
Add a new tag
Caveats
  • Supply blocks, unpowered buildings, or Contaminate may cause inaccurate times.
  • Supply counts are checked every 10 seconds.